 Dungeon Crawl Stone Soup version 0.29-a0-397-g846e4a0bbc (webtiles) character file.

Game seed: 4189491705542094910

4540 Muataran the Cleaver (level 10, -1/90 HPs)
             Began as a Minotaur Monk on May 12, 2022.
             Was a Priest of Qazlal.
             Slain by a vampire (3 damage)
             ... on level 7 of the Dungeon.
             The game lasted 00:22:43 (10195 turns).

Muataran the Cleaver (Minotaur Monk)               Turns: 10195, Time: 00:22:43

Health: -1/90      AC: 12    Str: 19    XL:     10   Next: 17%
Magic:  9/9        EV:  9    Int:  7    God:    Qazlal [***...]
Gold:   336        SH:  0    Dex: 14    Spells: 9/9 levels left

rFire   . . .      SeeInvis .   x - +3 battleaxe
rCold   . . .      Faith    .   (shield currently unavailable)
rNeg    . . .      Spirit   .   w - +0 chain mail
rPois   .          Reflect  .   (helmet restricted)
rElec   .          Harm     .   D - +0 cloak
rCorr   .          Rampage  .   (no gloves)
Will    .....                   (no boots)
Stlth   ..........              (no amulet)
HPRegen 0.25/turn               (no ring)
MPRegen 0.11/turn               (no ring)

@: confused
A: horns 2, retaliatory headbutt
a: Renounce Religion, Upheaval, Elemental Force


You were on level 7 of the Dungeon.
You worshipped Qazlal.
Qazlal was most pleased with you.
You visited 2 branches of the dungeon, and saw 9 of its levels.

You collected 336 gold pieces.

Inventory:

Hand Weapons
 n - the +5 dagger of the Desolation of Salt {flame, *Rage rF++ rN+ SInv}
   (You found it on level 2 of the Dungeon)

   It burns those it strikes, dealing additional fire damage.
   rF:        It greatly protects you from fire.
   rN:        It protects you from negative energy.
   SInv:      It lets you see invisible.
   *Rage:     It berserks you when you make melee attacks (+20% chance).
 p - a +1 spear of freezing
 x - a +3 battleaxe (weapon)
Missiles
 j - 17 poisoned darts (quivered)
 k - a throwing net
Armour
 d - a +0 scale mail
 r - a scarf of resistance
 w - a +0 chain mail (worn)
 D - a +0 cloak (worn)
Jewellery
 b - an amulet of guardian spirit
 l - a ring of magical power
 t - a ring of wizardry
 v - a ring of protection from fire
 F - an amulet of regeneration
Wands
 o - a wand of flame (17)
Scrolls
 f - 5 scrolls of teleportation
 i - a scroll of acquirement {unknown}
 s - a scroll of immolation
 u - 2 scrolls of identify
 y - a scroll of noise {unknown}
 z - a scroll of torment {unknown}
 A - a scroll of enchant weapon
 B - a scroll of amnesia
 C - a scroll of vulnerability {unknown}
Potions
 a - a potion of magic {unknown}
 c - a potion of ambrosia
 e - 2 potions of lignification
 g - a potion of heal wounds
 h - 2 potions of brilliance
 m - 3 potions of attraction {unknown}
 q - a potion of curing
 E - a potion of berserk rage {unknown}


   Skills:
 + Level 8.9 Fighting
 * Level 11.8 Axes
 + Level 7.6 Armour
 - Level 3.6 Dodging
 + Level 6.3 Stealth


You had 9 spell levels left.
You didn't know any spells.
Your spell library contained the following spells:

 Spells                   Type           Power      Damage    Failure   Level
 Animate Skeleton         Necr           0%         N/A       99%         1
 Apportation              Tloc           0%         N/A       99%         1
 Summon Small Mammal      Summ           0%         N/A       99%         1
 Scorch                   Fire           0%         2d5       99%         2
 Sublimation of Blood     Necr           0%         N/A       99%         2
 Flame Wave               Conj/Fire      0%         2d4       100%        4
 Petrify                  Tmut/Erth      0%         N/A       100%        4
 Irradiate                Conj/Tmut      0%         3d13      100%        5
 Summon Cactus Giant      Summ           0%         N/A       100%        6


Dungeon Overview and Level Annotations

Branches:
Dungeon (8/15)             Temple (1/1) D:4
   Lair: D:8-11

Altars:
Ashenzari
Dithmenos
Elyvilon
Fedhas
Gozag
Hepliaklqana
Kikubaaqudgha
Makhleb
Nemelex Xobeh
Okawaru
Qazlal
Sif Muna
Trog
Uskayaw
Vehumet
Wu Jian
Xom
Zin
The Shining One


Innate Abilities, Weirdness & Mutations

You have a pair of horns on your head.
You reflexively headbutt those who attack you in melee.


Message History

Aim: an orc, wielding a +0 flail (moderately wounded)
You fail to use your ability.
Something completely misses you. Something bites you but does no damage.
Aiming: Upheaval
Press: ? - help, Dir - move target, f/p - orc
Aim: an orc, wielding a +0 flail (moderately wounded)
A blizzard blasts the area with ice!
The blast of ice hits the orc!!
You kill the orc!
Qazlal accepts your kill. Something draws life force from you!
* * * LOW HITPOINT WARNING * * *
You are confused.
You feel invigorated. Something hits you but does no damage.
Something bites you.
* * * LOW HITPOINT WARNING * * *
Something draws strength from your injuries!
Something completely misses you. Something bites you!
* * * LOW HITPOINT WARNING * * *
Something draws strength from your injuries!
You closely miss something. Your headbutt misses something.
You hear some strange, mumbled words.
Something tries to affect you, but you resist.
You bump into the rock wall.
You feel less invigorated.
You feel less confused.
You hear some strange, mumbled words.
You are confused.
You bump into the rock wall.
Something hits you but does no damage. Something bites you but does no damage.
You're too confused to move!
Something hits you but does no damage. Something bites you but does no damage.
You bump into the rock wall.
Something hits you.
* * * LOW HITPOINT WARNING * * *
Something bites you!
* * * LOW HITPOINT WARNING * * *
Something draws strength from your injuries!
You hit something. Something hits you.
* * * LOW HITPOINT WARNING * * *
Something bites you.
You die...

.## #≈≈≈###########
..### #####≈≈≈≈≈#
....#
#≈≈≈≈≈############
#####
###≈≈#######≈≈≈≈≈≈.# #
#≈≈≈#≈≈≈≈≈≈≈≈≈≈###.# #
################.#.###
#≈ #..#######.....)
#≈# ###).........#####
# # ##@{)########## #
### ##.##)# #≈≈≈#
###.# ######.###.#
##### .##.#####)<...##
#.#### ..#......<....#
#.##.########
..........###.##
#...........#
......#####
##.#####.##.####.#
.####.#
##.###.≈≈...≈≈..# ##
#.# ##...#≈≈...≈≈..#


There were no monsters in sight!

Vanquished Creatures
  A troll (D:6)
  A vampire (D:6)
  2 wyverns
  5 yaks
  A steam dragon (D:6)
  The ghost of pokeman the Magician, an amateur DEWz (D:4)
  A water moccasin (D:6)
  An ice beast (D:4)
  2 orc warriors
  A black bear (D:7)
  2 ogres
  A phantom (D:6)
  2 kobold brigands (D:7)
  3 bullfrogs
  A necrophage (D:5)
  3 scorpions
  8 wights
  5 killer bees
  A howler monkey (D:7)
  2 lava snakes (D:7)
  A jelly (D:8)
  4 hounds
  5 orc priests
  Natasha (thrice) (D:2)
  5 iguanas
  7 orc wizards
  5 adders
  3 gnolls
  A shadow imp (D:5)
  2 ufetubi
  2 worms
  6 dart slugs
  29 orcs
  4 endoplasms
  A giant cockroach (D:1)
  10 goblins
  4 hobgoblins
  6 jackals
  2 quokkas (D:1)
  6 ball pythons
  A bat (D:2)
  2 frilled lizards
  12 kobolds
  4 rats
169 creatures vanquished.

Vanquished Creatures (others)
  A bush (D:8)
  3 fungi (D:8)
  7 plants (D:8)
11 creatures vanquished.

Grand Total: 180 creatures vanquished

Notes
Turn   | Place    | Note
-------+----------+-------------------------------------------
     0 | D:1      | Muataran the Minotaur Monk began the quest for the Orb.
     0 | D:1      | Reached XP level 1. HP: 19/19 MP: 0/0
   321 | D:1      | Reached XP level 2. HP: 27/27 MP: 1/1
   898 | D:2      | Reached skill level 4 in Axes
   959 | D:2      | Reached XP level 3. HP: 33/33 MP: 2/2
   971 | D:2      | Identified the +5 dagger of the Desolation of Salt {flame,
                  | *Rage rF++ rN+ SInv}
  1025 | D:2      | Noticed Natasha
  1040 | D:2      | Killed Natasha
  1247 | D:2      | Reached skill level 1 in Armour
  1247 | D:2      | Reached XP level 4. HP: 39/40 MP: 3/3
  1349 | D:2      | Noticed Natasha
  1360 | D:2      | Killed Natasha
  1394 | D:2      | Noticed Natasha
  1402 | D:2      | Killed Natasha
  1602 | D:2      | Reached skill level 5 in Axes
  1682 | D:3      | Reached XP level 5. HP: 41/47 MP: 4/4
  2009 | D:3      | HP: 1/47 [something/puff of flame (4)]
  2344 | D:3      | Reached XP level 6. HP: 26/55 MP: 5/5
  2514 | D:3      | Reached skill level 5 in Fighting
  2752 | D:3      | Reached skill level 6 in Axes
  3087 | D:4      | Found a staircase to the Ecumenical Temple.
  3111 | Temple   | Entered the Ecumenical Temple
  3350 | Temple   | Became a worshipper of Qazlal Stormbringer
  3350 | Temple   | Reached * piety under Qazlal
  3350 | Temple   | Reached ** piety under Qazlal
  3868 | D:4      | Noticed an ice beast
  3934 | D:4      | Killed an ice beast
  3935 | D:4      | Reached XP level 7. HP: 32/61 MP: 6/6
  4151 | D:4      | Found a runed translucent door.
  4152 | D:4      | Noticed pokeman's ghost (amateur DEWz)
  4477 | D:4      | Killed pokeman's ghost
  4478 | D:4      | Reached skill level 7 in Axes
  4487 | D:5      | Entered Level 5 of the Dungeon
  4487 | D:5      | Noticed a yak
  4488 | D:5      | Noticed a yak
  4489 | D:5      | Noticed a yak
  4489 | D:5      | Noticed a yak
  4494 | D:5      | Noticed a yak
  4508 | D:4      | Killed a yak
  5250 | D:4      | Killed a yak
  5251 | D:4      | Reached skill level 8 in Axes
  5251 | D:4      | Reached XP level 8. HP: 33/70 MP: 7/7
  5621 | D:5      | Reached skill level 5 in Armour
  5641 | D:4      | Reached skill level 9 in Axes
  6774 | D:6      | Reached skill level 5 in Stealth
  6799 | D:6      | Reached XP level 9. HP: 77/79 MP: 8/8
  7145 | D:6      | Reached skill level 10 in Axes
  7732 | D:6      | Noticed a troll
  7746 | D:6      | Killed a troll
  8666 | D:7      | Reached skill level 11 in Axes
  8687 | D:7      | Reached *** piety under Qazlal
  8995 | D:7      | Found a hide-covered altar of Uskayaw.
  9530 | D:7      | Reached XP level 10. HP: 89/90 MP: 9/9
 10183 | D:7      | HP: 2/90 [something (8)]
 10195 | D:7      | HP: 2/90 [something (4)]
 10195 | D:7      | Slain by a vampire

Illustrated notes

Levels and vault maps discovered:
D:1:      pf_arrival_petrified_forest, layout_loops_ring
D:2:      layout_rooms, uniq_natasha
D:3:      layout_basic
D:4:      layout_loops_corners, minmay_temple_entry_grid,
          ebering_ghost_reflecting_pool, minmay_ogre_servants
D:5:      layout_cave_pools, nrook_loot_triangle
D:6:      layout_cave_pods, minmay_microvault
D:7:      hellmonk_destroyed_diamonds, layout_loops_ring,
          nicolae_uskayaw_suspiria, serial_aquarium, aquarium_bridge_straight
          [aquarium_subvault_bridge, aquarium_subvault_balcony,
          aquarium_subvault_bridge, aquarium_subvault_window],
          aquarium_window_1, aquarium_window_double, aquarium_window_corridor_2,
          aquarium_window_fake, aquarium_view_2c, aquarium_view_2g,
          aquarium_balcony_1b, chequers_serial_rivers_large_b
D:8:      layout_basic, minmay_lair_entry_grove, hellmonk_ghost_happy_afterlife,
          grunt_ministairs_6, uniq_psyche, uniq_erica
Temple:   mainiacjoe_temple_trianglar_array

Skill      XL: |  1  2  3  4  5  6  7  8  9 |
---------------+----------------------------+-----
Stealth        | 2 3 4 5 6 |  6.3
Axes           | 4 5 6 8 9 11 | 11.8
Fighting       | 4 5 6 7 8 |  8.9
Armour         | 1 2 3 4 5 7 |  7.6
Dodging        | |  3.6

Action                   |  1- 3 |  4- 6 |  7- 9 | 10-12 || total
-------------------------+-------+-------+-------+-------++-------
Melee: Hand axe          |    59 |   169 |    49 |       ||   277
       Headbutt          |     5 |    29 |    45 |     6 ||    85
       Punch             |     1 |     1 |     1 |       ||     3
       Battleaxe         |       |       |   158 |    38 ||   196
Invok: Upheaval          |       |       |       |     1 ||     1
  Use: Scroll            |       |     7 |       |       ||     7
       Potion            |       |     1 |     2 |     2 ||     5
Armor: Scale mail        |    17 |    67 |    26 |       ||   110
       Skin              |       |    11 |       |       ||    11
       Chain mail        |       |       |    52 |    46 ||    98
Dodge: Dodged            |    28 |    51 |    94 |    37 ||   210
Block: Other             |       |     1 |    23 |    10 ||    34

Table legend: (Time is in decaauts)
 A = Elapsed time spent in this place.
 B = Non-inter-level travel time spent in this place.
 C = Inter-level travel time spent in this place.
 D = Time resting spent in this place.
 E = Time spent auto-exploring this place.
 F = Levels seen in this place.
 G = Mean time per level.
                   A        B        C        D        E       F      G
               +--------+--------+--------+--------+--------+-----+--------+
         Total |  10287 |   9851 |    436 |   3564 |   4825 |   9 | 1143.0 |
       Dungeon |  10022 |   9609 |    413 |   3564 |   4602 |   8 | 1252.8 |
        Temple |    264 |    241 |     23 |      0 |    223 |   1 |  264.0 |
               +--------+--------+--------+--------+--------+-----+--------+

Top non-repeatable levels by time:
     D:4: 2797 daAuts
     D:6: 1941 daAuts
     D:7: 1581 daAuts
     D:3: 1238 daAuts
     D:1: 852 daAuts
     D:2: 800 daAuts
     D:5: 776 daAuts
  Temple: 264 daAuts
     D:8: 34 daAuts
